 Dungeon Crawl Stone Soup version 0.30-a0-760-g5a9884bb7c (webtiles) character file.

Game seed: 17063850679864919102

86 kae the Ruffian (level 4, -3/38 HPs)
             Began as a Naga Transmuter on Feb 10, 2023.
             Killed by divine providence
             ... invoked by an orc priest
              (16 damage)
             ... on level 3 of the Dungeon.
             The game lasted 00:01:50 (1839 turns).

kae the Ruffian (Naga Transmuter)                   Turns: 1839, Time: 00:01:51

Health: -3/38      AC:  2    Str: 12    XL:     4   Next: 49%
Magic:  3/8        EV: 18    Int: 16    God:
Gold:   130        SH:  0    Dex: 16    Spells: 2/8 levels left

rFire   . . .      SeeInvis +      - Unarmed
rCold   . . .      Faith    .    (shield currently unavailable)
rNeg    . . .      Spirit   .    (body armour currently unavailable)
rPois   x          Reflect  .    (helmet currently unavailable)
rElec   .          Harm     .    (cloak currently unavailable)
rCorr   .          Rampage  .    (gloves currently unavailable)
Will    .....                    (no barding)
Stlth   +                        (no amulet)
HPRegen 0.26/turn                (no ring)
MPRegen 0.11/turn                (no ring)

@: confused, lethally poisoned (-3 -> -18), spider-form (expiring), wereblooded
A: venomous fangs, AC +1, tiny, see invisible, (deformed body), (poison
resistance), (slowness 2), spit poison 1, (naga tail 1)
a: Spit Poison, End Transformation


You were on level 3 of the Dungeon.
You were a venomous arachnid creature.
You visited 1 branch of the dungeon, and saw 3 of its levels.

You collected 130 gold pieces.


Innate Abilities, Weirdness & Mutations

You are a venomous arachnid creature.
You have venomous fangs.
You are tiny and dextrous.
Your spellcasting is less reliable in this form.
Your armour is entirely melded.
You are incapable of wielding weapons or throwing items.
((Your serpentine skin is tough. (AC +1)))
You have supernaturally acute eyesight. (SInv)
((Armour fits poorly on your strangely shaped body.))
((Your system is resistant to poisons. (rPois)))
((You cover ground very slowly.))
You can spit poison.
((You have a snake-like lower body.))


   Skills:
 - Level 1.0 Fighting
 - Level 1.5 Dodging
 + Level 3.6 Unarmed Combat
 + Level 2.6 Spellcasting
 * Level 3.5 Transmutations


You had 2 spell levels left.
You knew the following spells:

 Your Spells              Type           Power      Damage    Failure   Level
a - Beastly Appendage     Tmut           26%        N/A       14%         1
b - Wereblood             Tmut           13%        N/A       19%         2
c - Spider Form           Tmut/Pois      7%         N/A       50%         3

Your spell library contained the following spells:

 Spells                   Type           Power      Damage    Failure   Level
 Passwall                 Tmut/Erth      5%         N/A       32%         2
 Magic Dart               Conj           8%         1d3       38%         1
 Sandblast                Erth           4%         2d4       38%         1
 Call Imp                 Summ           2%         N/A       50%         2
 Mephitic Cloud           Conj/Pois/Air  2%         N/A       71%         3
 Stone Arrow              Conj/Erth      4%         3d7       71%         3
 Ice Form                 Ice/Tmut       7%         N/A       85%         4

Inventory:

Missiles
 i - 14 stones
 m - 2 boomerangs
Armour
 a - a +0 robe (melded)
Magical Staves
 f - a staff of earth {!a}
   (You found it on level 1 of the Dungeon)
Scrolls
 c - 4 scrolls of identify {unknown}
 h - a scroll of enchant armour {unknown}
 j - a scroll of torment {unknown}
Potions
 b - a potion of lignification {!q}
 d - a potion of flight {unknown}
 e - a potion of curing {unknown}
 g - 4 potions of might {unknown}
 k - a potion of mutation {unknown}
 l - a potion of heal wounds {unknown}
 n - a potion of degeneration {unknown}

Dungeon Overview and Level Annotations

Branches:
Dungeon (3/15) Zot: 15678

Altars:

.... ..... ...
..# ###.# #...#
##+#..<#
#....o)###...
#...so........
+....K........
#.............
.....#...#####..
......#...# .
..)...#..=#
..... #...#
..... #....


You could see an orc priest, an orc wizard (invisible) and a kobold.


Message History

You enter the shallow water.
Key pressed, stopping explore.
Unknown command.
You enter the shallow water.
You see here a frilled lizard skeleton.
Partly explored, can't reach some places.
Partly explored, can't reach some places.
Partly explored, can't reach some places.
Partly explored, can't reach some places.
Done exploring.
Done exploring.
Done exploring.
Done exploring.
Done exploring.
(D) Dungeon
Where to? (Enter - D:2, ? - help)
There is a stone staircase leading down here.
You climb downwards.
The orc shouts! x2; You hear a shout!
There is a stone staircase leading up here.
There are monsters nearby!
Okay, then.
Casting: Beastly Appendage (safe; 4% risk of failure)
Confirm with . or Enter, or press ? or * to list all spells.
The spell is quite dangerous to miscast (28% risk of failure)!
Continue anyway? [Y]es or [N]o only, please.
The spell is quite dangerous to miscast (28% risk of failure)!
Continue anyway?
You turn into a venomous arachnid creature.
Your +0 robe melds into your body. 😎 MP[-3]
You lost 3 mp, and now have 4/7 mp.
Casting: Spider Form (quite dangerous; 50% risk of failure)
Confirm with . or Enter, or press ? or * to list all spells.
Your blood is infused with primal strength. 😎 MP[-2]
You lost 2 mp, and now have 2/7 mp.
You barely miss the orc. The orc barely misses you.
An orc priest comes into view. It is wielding a +1 trident of venom.
You barely miss the orc. The orc hits you with a +0 flail!
The orc closely misses you. 😕 HP[-7]
You take 7 damage, and now have 31/38 hp.
You hit the orc. You hit the orc but do no damage.
The orc hits you with a +0 flail.
An orc wizard comes into view. It is wielding a +0 dagger.
You completely miss the orc. The orc misses you.
The orc wizard shouts!
You hit the orc.
The orc is poisoned.
You hear a shout! x2
You feel a bit better.
You kill the orc!
The orc misses you. 😕 HP[+2]
You regained 2 hp, and now have 33/38 hp.
Unknown command.
You bite the orc!
You feel a bit better.
You kill the orc!
Your transformation is almost over.
The orc hits you with a +0 flail.
You hit the orc.
The orc is poisoned.
A kobold comes into view. It is wielding a +0 short sword.
The orc priest misses you.
The orc wizard gestures wildly while chanting.
The orc wizard flickers and vanishes for a moment.
The orc misses you. 😕 HP[+3] MP[+1]
You regained 3 hp, and now have 36/38 hp.
You hit the orc.
You feel a bit better.
You kill the orc!
The orc priest mumbles some strange prayers to Beogh against you.
You struggle to resist.
Things that are here:
a +0 flail; an orc corpse; 😕 HP[+1]
You hit the orc priest. The orc priest misses you.
The orc wizard gestures at you while chanting.
You are confused.
You are too confused! 😎 HP[+1]
Your hp is fully restored (38).
You hiss as the wereblood boils in your veins!
The orc priest hits you with a +1 trident of venom.
You are poisoned.
The orc wizard hits you with a +0 dagger. 😕 HP[-5]
You take 5 damage, and now have 33/38 hp.
You feel very sick. The kobold closely misses you.
The orc priest invokes the aid of Beogh against you.
Beogh smites you!
* * * LOW HITPOINT WARNING * * *
😨 HP[-16]
You take 16 damage, and now have 17/38 hp.
MASSIVE DAMAGE!! (PAUSE)
You closely miss the orc priest.
* * * LOW HITPOINT WARNING * * *
You feel very sick. The kobold closely misses you.
The orc priest calls down the wrath of Beogh upon you.
Beogh smites you!
You die...

Skill      XL: |  1  2  3 |
---------------+----------+-----
Transmutations | 3 |  3.5
Fighting       | |  1.0
Dodging        | |  1.5
Unarmed Combat | |  3.6
Spellcasting   | |  2.6

Action                     |  1- 3 |  4- 6 || total
---------------------------+-------+-------++-------
  Melee: Unarmed           |   124 |    19 ||   143
         Punch             |     4 |       ||     4
         Headbutt          |    13 |     2 ||    15
   Cast: Beastly Appendage |    19 |     2 ||    21
         Spider Form       |     1 |     1 ||     2
         Wereblood         |       |     1 ||     1
Ability: Spit Poison       |     4 |       ||     4
 Armour: Robe              |    26 |     1 ||    27
  Dodge: Dodged            |    79 |    10 ||    89

Levels and vault maps discovered:
D:1:      mrwooster_arrival_statue_3, layout_basic
D:2:      layout_rooms, serial_bayou, serial_bayou_shore_a, serial_bayou_pond_c,
          serial_bayou_pond_b, serial_bayou_pond_d, glass_columns_a,
          minmay_tetromino_o2, uniq_terence
D:3:      layout_basic, kiku_gazebo_garden_becter, minmay_pentomino_pile

Notes
Turn   | Place    | Note
-------+----------+-------------------------------------------
     0 | D:1      | kae the Naga Transmuter began the quest for the Orb.
     0 | D:1      | Reached XP level 1. HP: 18/18 MP: 3/3
     0 | D:1      | magus.rc [v1.11.3]
   323 | D:1      | Reached XP level 2. HP: 19/25 MP: 3/5
   330 | D:1      | You pick up a book of Minor Magic and begin reading...
   330 | D:1      | You add the spells Magic Dart, Call Imp and Mephitic Cloud
                  | to your library.
   645 | D:1      | You pick up a book of Geomancy and begin reading...
   645 | D:1      | You add the spells Sandblast, Passwall and Stone Arrow to
                  | your library.
   942 | D:2      | Reached XP level 3. HP: 18/31 MP: 4/6
  1059 | D:2      | Learned a level 2 spell: Wereblood
  1070 | D:2      | Learned a level 3 spell: Spider Form
  1113 | D:2      | Reached skill level 3 in Transmutations
  1369 | D:2      | Noticed Terence
  1446 | D:2      | Killed Terence
  1447 | D:2      | Reached XP level 4. HP: 14/38 MP: 3/7
  1839 | D:3      | Killed from afar by an orc priest

Vanquished Creatures
  Terence (D:2)
  2 adders (D:2)
  A worm (D:2)
  A dart slug (D:1)
  3 orcs (D:3)
  An endoplasm (D:2)
  3 giant cockroaches (D:2)
  A goblin (D:2)
  3 hobgoblins
  3 quokkas
  2 ball pythons (D:2)
  5 bats
  3 frilled lizards
  A kobold (D:2)
  5 rats
35 creatures vanquished.

Vanquished Creatures (others)
  A plant (D:2)
1 creature vanquished.

Grand Total: 36 creatures vanquished

Table legend:
 A = Non-vault XP
 B = Vault XP
 C = Vault XP percentage of total XP
 D = Non-vault monster count
 E = Vault monster count
 F = Vault count percentage of total count
                 A         B        C        D         E       F
            +---------+---------+-------+---------+---------+-------
      Total |      82 |      41 |  33.3 |      31 |       4 |  11.4
            +---------+---------+-------+---------+---------+-------
        D:1 |      16 |       0 |   0.0 |       9 |       0 |   0.0
        D:2 |      57 |      41 |  41.8 |      19 |       4 |  17.4
        D:3 |       9 |       0 |   0.0 |       3 |       0 |   0.0
            +---------+---------+-------+---------+---------+-------

Illustrated notes

Table legend:
 A = Kills in this place as a percentage of kills in entire the game.
 B = Kills by you in this place as a percentage of kills by you in the entire game.
 C = Kills by friends in this place as a percentage of kills by friends in the entire game.
 D = Other kills in this place as a percentage of other kills in the entire game.
 E = Experience gained in this place as a percentage of experience gained in the entire game.
 F = Experience gained in this place divided by the number of levels of this place that you have seen.
                   A       B       C       D       E      F
               +-------+-------+-------+-------+-------+----------------------
         Total | 100.0 | 100.0 |   N/A |   N/A | 100.0 |  41.0
       Dungeon | 100.0 | 100.0 |   N/A |   N/A | 100.0 |  41.0
               +-------+-------+-------+-------+-------+----------------------

Table legend: (Time is in decaauts)
 A = Elapsed time spent in this place.
 B = Non-inter-level travel time spent in this place.
 C = Inter-level travel time spent in this place.
 D = Time resting spent in this place.
 E = Time spent auto-exploring this place.
 F = Levels seen in this place.
 G = Mean time per level.
                   A        B        C        D        E       F      G
               +--------+--------+--------+--------+--------+-----+--------+
         Total |   2320 |   2282 |     38 |      7 |   1953 |   3 |  773.3 |
       Dungeon |   2320 |   2282 |     38 |      7 |   1953 |   3 |  773.3 |
               +--------+--------+--------+--------+--------+-----+--------+

Top non-repeatable levels by time:
     D:2: 1203 daAuts
     D:1: 1100 daAuts
     D:3: 16 daAuts
